 Dungeon Crawl Stone Soup version 0.20.1-1-g8b1a95d (webtiles) character file.

699 Gremour the Cleaver (level 7, -1/54 (57) HPs)
             Began as a Hill Orc Monk on Jan 1, 2018.
             Was a Believer of Beogh.
             Slain by an orc warrior
             ... wielding a +0 halberd
              (18 damage)
             ... on level 5 of the Dungeon.
             The game lasted 00:20:12 (4930 turns).

Gremour the Cleaver (Hill Orc Monk)                 Turns: 4930, Time: 00:20:13

HP:   -1/54 (57)    AC: 11    Str: 14    XL:     7   Next: 65%
MP:   10/10         EV:  6    Int: 10    God:    Beogh [**....]
Gold: 280           SH:  0    Dex: 15    Spells: 6/6 levels left

rFire    . . .     SeeInvis +   a - +1 hand axe
rCold    . . .     Gourm    .   (no shield)
rNeg     . . .     Faith    .   p - +0 chain mail
rPois    .         Spirit   .   z - +0 helmet
rElec    .         Reflect  .   d - +0 cloak
rCorr    .         Harm     .   v - +0 pair of gloves
MR       .....                  (no boots)
Stlth    ..........             (no amulet)
Regen    0.2/turn               t - ring of see invisible
MPRegen  0.2/turn               (no ring)

@: drained
A: no striking features
a: Smiting, Renounce Religion


You were on level 5 of the Dungeon.
You worshipped Beogh.
Beogh was pleased with you.
You were hungry.

You visited 2 branches of the dungeon, and saw 6 of its levels.

You collected 280 gold pieces.

Inventory:

Hand Weapons
 a - a +1 hand axe (weapon)
 o - a +4 mace
 r - a cursed -3 spear (quivered)
Armour
 d - a +0 cloak (worn)
 p - a +0 chain mail (worn)
 v - a +0 pair of gloves (worn)
 z - a +0 helmet (worn)
Jewellery
 t - a ring of see invisible (left hand)
Wands
 g - a wand of flame (30/48)
 s - a wand of polymorph (6/24)
 B - a wand of acid (6/15)
Scrolls
 b - 2 scrolls of recharging
 f - 3 scrolls of remove curse
 i - 2 scrolls of identify
 j - 2 scrolls of teleportation
 k - a scroll of enchant armour {unknown}
 l - 2 scrolls of blinking
 m - 2 scrolls of immolation
 u - a scroll of fear {unknown}
 x - a scroll of amnesia {unknown}
 y - a scroll of enchant weapon
Potions
 e - a potion of heal wounds
 h - a potion of might {unknown}
 q - a potion of flight {unknown}
 C - a potion of curing {unknown}
 D - a potion of magic {unknown}
Comestibles
 c - 3 bread rations
 n - a meat ration
 A - a royal jelly


   Skills:
 - Level 3.6(3.4) Fighting
 + Level 10.0(9.8) Axes
 - Level 2.4(2.2) Dodging
 - Level 1.5(1.3) Stealth
 * Level 4.8(4.6) Invocations
 + Level 1.0(0.8) Evocations


You had 6 spell levels left.
You didn't know any spells.

Dungeon Overview and Level Annotations

Branches:
Dungeon (5/15)             Temple (1/1) D:4

Altars:
Ashenzari
Elyvilon
Gozag
Hepliaklqana
Kikubaaqudgha
Makhleb
Nemelex Xobeh
Qazlal
Sif Muna
Uskayaw
Vehumet
Xom
Yredelemnul
Zin


Message History

The gnoll is severely wounded.
The orc wizard mumbles some strange words.
The orc wizard blinks!
The orc warrior hits you but does no damage.
You completely miss the gnoll.
The gnoll is severely wounded.
The gnoll closely misses you.
You slash the gnoll!
You kill the gnoll!
Beogh accepts your kill.
The orc warrior hits you from afar with a halberd.
There is an open door here.
The orc warrior hits you with a halberd!
You completely miss the orc warrior.
The orc warrior hits you with a halberd.
You closely miss the orc warrior.
Your chain mail prevents you from hitting the orc warrior.
The orc warrior hits you with a halberd!!
You die...
Beogh appreciates the orc warrior's killing of a heretic priest.

####### #.....# #.....#
#########
#.....####.......########
#....ooo@'.......'.......
#.....####.......########
Z......#...## #.......# #...
###.#.%#.#.#####.......#####...
#..#.#>............)...'...
...#.###################...
.#..$.. #### #.##.#.. ##### #
....g ###...#


You could see an orc warrior, an orc wizard and an orc.

Vanquished Creatures
  Sigmund (D:3)
  A necrophage (D:5)
  An ogre (D:5)
  A crimson imp (D:5)
  2 orc priests (D:5)
  Crazy Yiuf (D:3)
  A hound (D:5)
  An orc wizard (D:5)
  3 worker ants (D:4)
  A worker ant zombie (D:5)
  A gnoll (D:5)
  3 adders
  5 leopard geckos
  10 orcs (D:5)
  5 giant cockroaches
  5 goblins
  6 hobgoblins
  4 jackals
  3 kobolds
  A ball python (D:1)
  A ball python skeleton (D:5)
  6 bats
  2 frilled lizards (D:2)
  A leopard gecko skeleton (D:5)
  2 quokka skeletons (D:4)
  3 rats
71 creatures vanquished.

Vanquished Creatures (others)
  A hobgoblin (D:3)
1 creature vanquished.

Grand Total: 72 creatures vanquished

Notes
Turn   | Place    | Note
-------+----------+-------------------------------------------
     0 | D:1      | Gremour the Hill Orc Monk began the quest for the Orb.
     0 | D:1      | Reached XP level 1. HP: 19/19 MP: 1/1
   193 | D:1      | Reached XP level 2. HP: 22/26 MP: 2/2
   457 | D:1      | Reached skill level 5 in Axes
   790 | D:2      | Found a white marble altar of Elyvilon.
  1305 | D:2      | Reached XP level 3. HP: 21/31 MP: 3/3
  1557 | D:3      | Noticed Sigmund
  1869 | D:3      | Found a runed door.
  2099 | D:3      | Noticed Crazy Yiuf
  2112 | D:3      | Killed Crazy Yiuf
  2112 | D:3      | Reached skill level 6 in Axes
  2112 | D:3      | Reached XP level 4. HP: 34/39 MP: 4/4
  2276 | D:3      | Became a worshipper of Beogh the Brigand
  2276 | D:3      | Reached * piety under Beogh
  2276 | D:3      | Reached ** piety under Beogh
  2337 | D:3      | Found a hazy altar of Hepliaklqana.
  2338 | D:3      | Found a burning altar of Makhleb.
  2396 | D:3      | Found a shattered altar of Ashenzari.
  2534 | D:3      | Killed Sigmund
  2534 | D:3      | Reached skill level 7 in Axes
  2534 | D:3      | Reached XP level 5. HP: 34/45 MP: 4/7
  2534 | D:3      | Reached XP level 6. HP: 39/51 MP: 4/8
  2898 | D:4      | Found a staircase to the Ecumenical Temple.
  2907 | Temple   | Entered the Ecumenical Temple
  3478 | D:4      | Reached skill level 8 in Axes
  3757 | D:5      | Entered Level 5 of the Dungeon
  4287 | D:5      | Reached XP level 7. HP: 46/57 MP: 10/10
  4522 | D:5      | Reached skill level 9 in Axes
  4592 | D:5      | Reached skill level 1 in Evocations
  4611 | D:5      | Reached skill level 10 in Axes
  4930 | D:5      | Slain by an orc warrior

Skill      XL: |  1  2  3  4  5  6  7 |
---------------+----------------------+-----
Axes           | 5 6 7 8 10 | 10.0
Invocations    | 3 4 |  4.8
Evocations     | 1 |  1.0
Fighting       | |  3.6
Dodging        | |  2.4
Stealth        | |  1.5

Action                   |  1- 3 |  4- 6 |  7- 9 || total
-------------------------+-------+-------+-------++-------
Melee: Hand axe          |    90 |   181 |    77 ||   348
Invok: Convert to Beogh  |       |     1 |       ||     1
Evoke: Wand              |       |     3 |       ||     3
  Use: Scroll            |     8 |     2 |       ||    10
       Potion            |     2 |     2 |       ||     4
 Stab: Invisible         |     1 |       |       ||     1
  Eat: Chunk             |     3 |     7 |     2 ||    12
Armor: Robe              |    19 |       |       ||    19
       Ring mail         |    16 |       |       ||    16
       Chain mail        |     3 |    87 |    31 ||   121
Dodge: Dodged            |    72 |    45 |    16 ||   133
